 Dungeon Crawl Stone Soup version 0.30-a0-553-g7fabdf1491 (webtiles) character file.

Game seed: 6757534507485666110

12 Zonian the Chiller (level 2, 13/13 HPs)
             Began as a Vine Stalker Ice Elementalist on Dec 26, 2022.
             Quit the game on level 1 of the Dungeon.
             The game lasted 00:01:01 (321 turns).

Zonian the Chiller (Vine Stalker Ice Elementalist)   Turns: 321, Time: 00:01:02

Health: 13/13      AC:  2    Str: 10    XL:     2   Next: 33%
Magic:  6/6        EV: 12    Int: 15    God:
Gold:   0          SH:  0    Dex: 14    Spells: 4/5 levels left

rFire   . . .      SeeInvis .    (no weapon)
rCold   . . .      Faith    .    (no shield)
rNeg    . . .      Spirit   +    a - +0 robe
rPois   .          Reflect  .    (no helmet)
rElec   .          Harm     .    (no cloak)
rCorr   .          Rampage  .    (no gloves)
Will    .....                    (no boots)
Stlth   ++                       (no amulet)
HPRegen 0.22/turn                (no ring)
MPRegen 0.10/turn                (no ring)

@: no status effects
A: fangs 2, magic shield, antimagic bite, no potion heal 2
a: no special abilities


You were on level 1 of the Dungeon.
You visited 1 branch of the dungeon, and saw 1 of its levels.

Inventory:

Armour
 a - a +0 robe (worn)
Potions
 b - a potion of magic


   Skills:
 + Level 1.8 Dodging
 + Level 2.8 Stealth
 + Level 2.4 Spellcasting
 + Level 4.1 Ice Magic


You had 4 spell levels left.
You knew the following spells:

 Your Spells              Type           Power      Damage    Failure   Level
a - Freeze                Ice            56%        1d7       4%          1

Your spell library contained the following spells:

 Spells                   Type           Power      Damage    Failure   Level
 Frozen Ramparts          Ice            28%        1d5       12%         3
 Ozocubu's Armour         Ice            14%        N/A       12%         3
 Summon Ice Beast         Ice/Summ       8%         N/A       65%         4


Dungeon Overview and Level Annotations

Branches:
Dungeon (1/15)

Altars:


Innate Abilities, Weirdness & Mutations

You have extremely sharp teeth.
When hurt, damage is shared between your health and your magic reserves.
Your bite disrupts and absorbs the magic of your enemies.
Potions cannot restore your health.


Message History

Aiming: Freeze (safe; 4% risk of failure)
Press: ? - help, Shift-Dir - straight line, f/p - gnoll
Aim: a gnoll, wielding a +0 whip (heavily wounded)
You freeze the gnoll.
The gnoll is severely wounded.
The gnoll closely misses you.
Unknown command.
Casting: Freeze (safe; 4% risk of failure)
Confirm with . or Enter, or press ? or * to list all spells.
Aiming: Freeze (safe; 4% risk of failure)
Press: ? - help, Shift-Dir - straight line, f/p - gnoll
Aim: a gnoll, wielding a +0 whip (severely wounded)
You freeze the gnoll.
You kill the gnoll!
You have reached level 2!
Unknown command.
A goblin comes into view. It is wielding a +0 dagger.
The goblin shouts!
You freeze the goblin.
You kill the goblin!
You can't see any susceptible monsters within range! (Use Z to cast anyway.) Unknown command.
Unknown command.
You freeze the goblin.
The goblin is frozen!
The goblin is severely wounded.
The goblin barely misses you.
A goblin is nearby!
You freeze the goblin!
The goblin is frozen!
You kill the goblin!
You can't see any susceptible monsters within range! (Use Z to cast anyway.) Unknown command.
You start resting.
Magic restored.
You start waiting.
Done waiting.
You start waiting.
Done waiting.
Unknown command.
Unknown command.
Are you sure you want to abandon this character and quit the game? (Confirm with "yes".)

#.#....)#.####.# #.#
#...$...g......# #.#
######.#.####.# #.#
#.#g#########.#
#g#..g........#
#.######g.....# #.#
#......###
#.######........####
#....@)............###
########..............
#.....8........
#.#............
#.#....8..8....
#.##...........
#.##...........
#.##.........8~
##.......<~~


There were no monsters in sight!

Vanquished Creatures
  A gnoll (D:1)
  2 goblins (D:1)
3 creatures vanquished.

Notes
Turn   | Place    | Note
-------+----------+-------------------------------------------
     0 | D:1      | Zonian the Vine Stalker Ice Elementalist began the quest
                  | for the Orb.
     0 | D:1      | Reached XP level 1. HP: 9/9 MP: 4/4
    34 | D:1      | Reached XP level 2. HP: 10/13 MP: 0/6
   321 | D:1      | Quit the game

Illustrated notes

Levels and vault maps discovered:
D:1:      nicolae_arrival_washed_ashore, layout_basic, serial_shops,
          nicolae_lakefront_shop, serial_bayou_ford_a, kennysheep_nondescript

Action                   || total
-------------------------++-------
 Cast: Freeze            ||     7
Dodge: Dodged            ||     3

Table legend: (Time is in decaauts)
 A = Elapsed time spent in this place.
 B = Non-inter-level travel time spent in this place.
 C = Inter-level travel time spent in this place.
 D = Time resting spent in this place.
 E = Time spent auto-exploring this place.
 F = Levels seen in this place.
 G = Mean time per level.
                   A        B        C        D        E       F      G
               +--------+--------+--------+--------+--------+-----+--------+
         Total |    321 |    321 |      0 |    246 |     24 |   1 |  321.0 |
       Dungeon |    321 |    321 |      0 |    246 |     24 |   1 |  321.0 |
               +--------+--------+--------+--------+--------+-----+--------+

Top non-repeatable levels by time:
     D:1: 321 daAuts
